 Dungeon Crawl Stone Soup version 0.20.0-15-g7f486f2 (webtiles) character file.

44 Zachthehappycat the Charlatan (level 3, 0/31 HPs)
             Began as a Deep Dwarf Artificer on June 29, 2017.
             Slain by an adder (2 damage)
             ... on level 2 of the Dungeon.
             The game lasted 00:06:37 (2015 turns).

Zachthehappycat the Charlatan (DDAr)                Turns: 2015, Time: 00:06:38

Health: 0/31       AC:  4    Str: 16    XL:     3   Next: 39%
Magic:  6/6        EV: 12    Int: 11    God:
Gold:   35         SH:  0    Dex: 13    Spells: 2/2 levels left

rFire    . . .     SeeInvis .   a - +0 short sword
rCold    . . .     Gourm    .   (no shield)
rNeg     . . .     Faith    .   b - +0 leather armour
rPois    .         Spirit   .   (no helmet)
rElec    .         Reflect  .   (no cloak)
rCorr    .         Harm     .   h - +0 pair of gloves
MR       .....     Rnd*Tele +   (no boots)
Stlth    +.........             (no amulet)
Regen    0.0/turn               j - ring of teleportation (curse)
MPRegen  0.1/turn               (no ring)

@: lethally poisoned (0 -> 0), non-regenerating
A: damage resistance, heal wounds, sense surroundings 1, no regeneration
a: Heal Wounds


You were on level 2 of the Dungeon.
You were hungry.

You visited 1 branch of the dungeon, and saw 2 of its levels.

You collected 35 gold pieces.

Inventory:

Hand Weapons
 a - a +0 short sword (weapon)
 t - a cursed -3 spear
Missiles
 r - 5 tomahawks (quivered)
Armour
 b - a +0 leather armour (worn)
 h - a +0 pair of gloves (worn)
Jewellery
 j - a cursed ring of teleportation (left hand)
Wands
 c - a wand of flame (15/48)
 d - a wand of enslavement (15/24)
 e - a wand of random effects (15/48)
Scrolls
 i - a scroll of teleportation {unknown}
 k - a scroll of noise {unknown}
 m - a scroll of enchant weapon {unknown}
 p - a scroll of remove curse {unknown}
 s - a scroll of enchant armour {unknown}
 u - a scroll of identify {unknown}
Potions
 g - a potion of resistance {unknown}
 l - a potion of cancellation {unknown}
 n - 2 potions of curing {unknown}
Comestibles
 f - 3 bread rations
 o - a meat ration


   Skills:
 + Level 1.0 Fighting
 + Level 1.6 Short Blades
 + Level 1.3 Armour
 + Level 2.7 Dodging
 + Level 1.2 Stealth
 + Level 4.6 Evocations


You had 2 spell levels left.
You didn't know any spells.

Dungeon Overview and Level Annotations

Branches:
Dungeon (2/15)

Altars:


Innate Abilities, Weirdness & Mutations

You are resistant to damage.
You can heal yourself by infusing magical energy.
You passively map a small area around you.
You do not regenerate.


Message History

* * * LOW HITPOINT WARNING * * *
You are poisoned.
The adder poisons you! The bat barely misses you.
You closely miss the adder. The bat barely misses you.
The adder bites you but does no damage. The bat misses you.
The adder bites you but does no damage.
You hit the adder.
The adder is severely wounded.
The bat hits you. The bat closely misses you. The bat barely misses you.
The adder barely misses you.
You hit the adder but do no damage.
The adder is severely wounded.
The bat hits you but does no damage. x2; The adder barely misses you.
You closely miss the adder.
The adder is severely wounded.
The bat hits you. The adder barely misses you. The adder misses you.
You closely miss the adder.
The adder is severely wounded.
The bat hits you but does no damage. The bat misses you. The adder bites you.
You die...

##...#
#....+ ,,
#....# *
#####....#
#........#
,*
#........#
*
#........#
*
#.....S..#
*
#...b.@..#
#........#
#........#
#........#
#####+####
, , * ,, ,


You could see an adder and a bat.

Vanquished Creatures
  2 dart slugs (D:1)
  2 leopard geckos
  2 giant cockroaches (D:1)
  6 goblins (D:1)
  7 hobgoblins
  2 jackals (D:1)
  A ball python (D:1)
  5 bats (D:1)
  2 frilled lizards (D:1)
  2 kobolds (D:1)
  4 rats (D:1)
  2 fungi (D:1)
37 creatures vanquished.

Notes
Turn   | Place    | Note
-------+----------+-------------------------------------------
     0 | D:1      | Zachthehappycat the Deep Dwarf Artificer began the quest for the Orb.
     0 | D:1      | Reached XP level 1. HP: 16/16 MP: 3/3
   248 | D:1      | Reached XP level 2. HP: 12/24 MP: 5/5
   341 | D:1      | Reached skill level 1 in Short Blades
   548 | D:1      | Reached skill level 1 in Fighting
  1108 | D:1      | Reached XP level 3. HP: 4/31 MP: 6/6
  1753 | D:1      | Reached skill level 1 in Armour
  2015 | D:2      | Slain by an adder

Skill      XL: |  1  2  3 |
---------------+----------+-----
Short Blades   | 1 |  1.6
Fighting       | 1 |  1.0
Armour         | 1 |  1.3
Dodging        | |  2.7
Stealth        | |  1.2
Evocations     | |  4.6

Action                   || total
-------------------------++-------
Melee: Short sword       ||   188
 Stab: Sleeping          ||     1
  Eat: Chunk             ||     3
Armor: Leather armour    ||   103
Dodge: Dodged            ||   194
